 Dungeon Crawl Stone Soup version 0.15.0-13-gb296d5c (webtiles) character file.

56 Crauler the Charmwright (level 3, 0/18 HPs)
             Began as a Vine Stalker Skald on Sept 3, 2014.
             Succumbed to an adder's poison
             ... on Level 2 of the Dungeon.
             The game lasted 00:02:04 (1433 turns).

Crauler the Charmwright (Vine Stalker Skald)        Turns: 1433, Time: 00:02:05

HP   0/18        AC  3     Str 14      XL: 3   Next: 95%
MP   3/7         EV 11     Int 19      God:
Gold 104         SH  0     Dex 14      Spells:  1 memorised,  5 levels left

rFire  . . .     SeeInvis .     o - +0 flail
rCold  . . .     Clarity  .     b - +0 leather armour
rNeg   . . .     rCorr    .     (no shield)
rPois  .         rRot     +     (no helmet)
rElec  .         Spirit   +     (no cloak)
SustAb .         Warding  .     (no gloves)
rMut   .         Stasis   .     (no boots)
Gourm  .                        (no amulet)
MR     .....                    (no ring)
                                (no ring)

@: brilliant, lethally poisoned, not resistant to hostile enchantments, very
unstealthy
A: fangs 2, clever 1, regeneration 1, magic shield, antimagic bite, no device
heal 3, rot immunity
a: no special abilities


You were on level 2 of the Dungeon.
You were hungry.

You visited 1 branch of the dungeon, and saw 2 of its levels.

You collected 104 gold pieces.

Inventory:

Hand weapons
 a - a +0 mace
 o - a +0 flail (weapon)
Armour
 b - a +0 leather armour (worn)
Comestibles
 d - 2 bread rations
 h - a slice of pizza
 j - a royal jelly
 l - a beef jerky
 p - a rotting chunk of giant newt flesh
Scrolls
 f - 2 scrolls of remove curse {unknown}
 k - a scroll of blinking {unknown}
 m - a scroll of enchant armour {unknown}
 n - a scroll of fear {unknown}
 q - a scroll of identify {unknown}
 r - a scroll of noise {unknown}
Potions
 i - a potion of flight {unknown}
Books
 c - a book of Battle

   Spells                             Type                      Level
   *Infusion                          Charms                       1
   Shroud of Golubria                 Charms/Translocation         2
   Song of Slaying                    Charms                       2
   Spectral Weapon                    Hexes/Charms                 3
   Regeneration                       Charms/Necromancy            3


   Skills:
 + Level 2.1 Fighting
 * Level 2.4 Maces & Flails
 + Level 1.5 Armour
 + Level 1.2 Dodging
 + Level 2.3 Spellcasting
 + Level 3.2 Charms


You had 5 spell levels left.
You knew the following spells:

 Your Spells              Type           Power        Failure   Level  Hunger
a - Infusion              Chrm           ####..       1%          1    #......


Dungeon Overview and Level Annotations

Branches:
Dungeon (2/15)

Altars:
Zin

Shops:
D:2 *


Innate Abilities, Weirdness & Mutations

You have extremely sharp teeth.
Your natural rate of healing is unusually fast.
When hurt, damage is shared between your health and your magic reserves.
Your bite disrupts and absorbs the magic of your enemies.
Potions and wands cannot restore your health.
You are immune to rotting.
Your mind is acute. (Int +2)


Message History

The adder is lightly wounded.
* * * LOW HITPOINT WARNING * * *
You feel sick. The adder closely misses you.
You barely miss the adder. Your bite misses the adder.
The adder is lightly wounded.
* * * LOW HITPOINT WARNING * * *
You feel sick. The adder bites you.
* * * LOW HITPOINT WARNING * * *
You are more poisoned.
The adder poisons you! The adder bites you.
Drink which item? (? for menu, Esc to quit)
You feel clever all of a sudden.
It was a potion of brilliance.
* * * LOW HITPOINT WARNING * * *
You feel sick. The adder bites you.
* * * LOW HITPOINT WARNING * * *
Drink which item? (? for menu, Esc to quit)
You feel clever.
You feel fantastic!
It was a potion of beneficial mutation.
You die...

#.##.#.# ##.## #.#
######.##.#.# #####.^.####.#
.......##.#.###............#
#########.......###...####.#
###.########.## #.#
#(.......# #.#####.#
#.#.####.# #.......#
########.#.# #S# #.#######
#....)...#.# ##@###.####
#.########.###...##....# #.#
#...............#
#.######.###.#...##....#
#.##.....# #.##.###...##
##....###.### ##.# #...#
..<#..###.... #.###)..#
...#...####.# #.......#
.#####.# #.# #......##


You could see an adder.

Vanquished Creatures
  An adder (D:2)
  A worm (D:2)
  A giant cockroach (D:1)
  8 hobgoblins
  7 jackals
  A quokka (D:2)
  3 bats
  2 giant geckos
  3 giant newts
  2 goblins
  4 kobolds
  5 rats
38 creatures vanquished.

Notes
Turn   | Place    | Note
--------------------------------------------------------------
     0 | D:1      | Crauler, the Vine Stalker Skald, began the quest for the Orb.
     0 | D:1      | Reached XP level 1. HP: 11/11 MP: 3/3
   113 | D:1      | Reached skill level 1 in Dodging
   126 | D:1      | Reached skill level 1 in Armour
   138 | D:1      | Reached XP level 2. HP: 1/15 MP: 5/5
   838 | D:2      | Reached XP level 3. HP: 13/18 MP: 4/7
  1080 | D:2      | Found Zin's Purification Station.
  1081 | D:2      | Found a glowing silver altar of Zin.
  1433 | D:2      | Gained mutation: Your mind is acute. (Int +2) [potion of beneficial mutation]
  1433 | D:2      | Succumbed to an adder's poison

Action                   || total
-------------------------++-------
Melee: Mace              ||    70
       Flail             ||    29
 Cast: Infusion          ||     2
  Use: Potion            ||     2
  Eat: Chunk             ||     1
